 Dungeon Crawl Stone Soup version 0.31.0-9-g3a7656b989 (webtiles) character file.

Game seed: 16858544148511412274

88 qw the Shooter (level 4, -11/25 HPs)
             Began as a Deep Elf Hunter on Feb 2, 2024.
             Mangled by a sleepcap (21 damage)
             ... on level 3 of the Dungeon.
             The game lasted 00:00:06 (1900 turns).

qw the Shooter (Deep Elf Hunter)                    Turns: 1900, Time: 00:00:07

Health: -11/25     AC:  3    Str: 10      XL:     4   Next: 30%
Magic:  6/6        EV:  2    Int: 11 (14) God:
Gold:   222        SH:  0    Dex: 18      Spells: 3/3 levels left

rFire   . . .        a - +0 shortbow
rCold   . . .        (shield currently unavailable)
rNeg    . . .        c - +0 leather armour
rPois   .            (no helmet)
rElec   .            (no cloak)
rCorr   .            (no gloves)
SInv    .            (no boots)
Will    +....        (no amulet)
Stlth   ++           h - ring of willpower
HPRegen 0.24/turn    (no ring)
MPRegen 0.10/turn

%: no passive effects
@: sleeping
A: no striking features
a: no special abilities


You were on level 3 of the Dungeon.
You visited 1 branch of the dungeon, and saw 3 of its levels.

You collected 222 gold pieces.


   Skills:
 - Level 1.5 Fighting
 + Level 7.7 Ranged Weapons
 - Level 2.4 Dodging
 - Level 1.2 Stealth


You had 3 spell levels left.
You didn't know any spells.
Your spell library was empty.

Inventory:

Hand Weapons
 a - a +0 shortbow (weapon)
Armour
 c - a +0 leather armour (worn)
Jewellery
 h - a ring of willpower (left hand)
Potions
 b - a potion of attraction {unknown}
 d - a potion of haste {unknown}
 f - a potion of mutation

Dungeon Overview and Level Annotations

Branches:
Dungeon (3/15)

Altars:


Message History

The sleepcap is heavily damaged.
The sleepcap barely misses you.
You shoot an arrow. The arrow hits the sleepcap.
The sleepcap is heavily damaged.
The sleepcap releases spores at you.
You shoot an arrow. The arrow hits the sleepcap.
The sleepcap is heavily damaged.
The sleepcap closely misses you.
You shoot an arrow.
The arrow hits the sleepcap but does no damage.
The sleepcap is heavily damaged.
The sleepcap closely misses you.
You shoot an arrow.
The arrow hits the sleepcap but does no damage.
The sleepcap is heavily damaged.
The sleepcap barely misses you.
You shoot an arrow.
The arrow hits the sleepcap but does no damage.
The sleepcap is heavily damaged.
The sleepcap releases spores at you!
You shoot an arrow.
The arrow hits the sleepcap but does no damage.
The sleepcap is heavily damaged.
The sleepcap releases spores at you but does no damage.
You shoot an arrow.
The arrow hits the sleepcap but does no damage.
The sleepcap is heavily damaged.
The sleepcap releases spores at you but does no damage.
You shoot an arrow. The arrow hits the sleepcap.
The sleepcap is severely damaged.
The sleepcap closely misses you.
You shoot an arrow.
The arrow hits the sleepcap but does no damage.
The sleepcap is severely damaged.
The sleepcap releases spores at you.
You are engulfed in a cloud of soporific spores!
You fall asleep.
The sleepcap releases spores at you!!
Ouch! That really hurt!
You die...

# #.# # #.. # #.# # #.#
# #.# # # # #.#
#.############
#######.###.#...........
......f@.....>........##
#######.#.###.#....##.#.
#.#...#.#.##.#....
#.#...#.#.#.....#.
#.#.....#.#<......
#.#.#.#.#.#.....##
#.#.#.#....<......
#.#.#.......######
#.###.......


You could see a sleepcap.

Vanquished Creatures
  3 adders (D:2)
  4 ribbon worms
  A dart slug (D:3)
  6 endoplasms
  A giant cockroach (D:1)
  3 goblins
  7 hobgoblins
  4 quokkas
  2 ball pythons (D:1)
  4 bats
  3 frilled lizards
  5 kobolds
  3 rats
46 creatures vanquished.

Notes
Turn   | Place    | Note
-------+----------+-------------------------------------------
     0 | D:1      | qw the Deep Elf Hunter began the quest for the Orb.
     0 | D:1      | Reached XP level 1. HP: 12/12 MP: 3/3
     0 | D:1      | 0 ||| qw: Version: 0.3-a-155-g5e7d8dd
     0 | D:1      | 0 ||| qw: Game counter: 625
     0 | D:1      | 0 ||| qw: Melee chars always use a shield: true
     0 | D:1      | 0 ||| qw: God list: Okawaru
     0 | D:1      | 0 ||| qw: Allow faded altars: false
     0 | D:1      | 0 ||| qw: Do Orc after clearing Dungeon:15 true
     0 | D:1      | 0 ||| qw: Do second Lair branch before Depths: true
     0 | D:1      | 0 ||| qw: Lair rune preference: random
     0 | D:1      | 0 ||| qw: Goals: Normal
     0 | D:1      | 0 ||| PLANNING D:1-11
   146 | D:1      | Found a faded altar of an unknown god.
   159 | D:1      | Reached XP level 2. HP: 16/16 MP: 4/4
   162 | D:1      | Reached skill level 6 in Ranged Weapons
   710 | D:1      | Reached XP level 3. HP: 20/20 MP: 5/5
   826 | D:1      | 826 ||| UPGRADING to ring of willpower.
   827 | D:1      | 827 ||| READING scroll labelled JYUMMO NUIHOO.
   828 | D:1      | 828 ||| READING scroll labelled JUPPATU BOZE.
   829 | D:1      | 829 ||| READING scroll labelled ESAF ZEIGHAUBE.
   829 | D:1      | 829 ||| IDENTIFYING metallic blue potion
   830 | D:1      | 830 ||| READING scroll labelled TOMATZ ATIORAI.
   831 | D:1      | 831 ||| DRINKING 2 murky brown potions.
   832 | D:1      | 832 ||| DRINKING 2 fuming sapphire potions.
   833 | D:1      | 833 ||| DROPPING scroll of butterflies.
   834 | D:1      | 834 ||| DROPPING potion of invisibility.
   835 | D:1      | 835 ||| DROPPING potion of degeneration.
   924 | D:2      | Reached skill level 7 in Ranged Weapons
  1430 | D:2      | Reached XP level 4. HP: 25/25 MP: 6/6
  1900 | D:3      | Mangled by a sleepcap

Levels and vault maps discovered:
D:1:      dpeg_arrival_brainrot, layout_loops_ring,
          shapermc_ecumenical_altar_venn
D:2:      layout_basic
D:3:      layout_basic

Skill      XL: |  1  2  3 |
---------------+----------+-----
Ranged Weapons | 6 7 |  7.7
Fighting       | |  1.5
Dodging        | |  2.4
Stealth        | |  1.2

Action                     |  1- 3 |  4- 6 || total
---------------------------+-------+-------++-------
   Fire: Shortbow          |   122 |    38 ||   160
    Use: Scroll            |     4 |       ||     4
         Potion            |     2 |       ||     2
 Armour: Leather armour    |    15 |    11 ||    26
  Dodge: Dodged            |    21 |    10 ||    31

Table legend:
 A = Non-vault XP
 B = Vault XP
 C = Vault XP percentage of total XP
 D = Non-vault monster count
 E = Vault monster count
 F = Vault count percentage of total count
                 A         B        C        D         E       F
            +---------+---------+-------+---------+---------+-------
      Total |     122 |       5 |   3.9 |      45 |       1 |   2.2
            +---------+---------+-------+---------+---------+-------
        D:1 |      36 |       5 |  12.2 |      22 |       1 |   4.3
        D:2 |      79 |       0 |   0.0 |      20 |       0 |   0.0
        D:3 |       7 |       0 |   0.0 |       3 |       0 |   0.0
            +---------+---------+-------+---------+---------+-------
